 Dungeon Crawl Stone Soup version 0.29-a0-206-g4a66f2e2b5 (webtiles) character file.

Game seed: 487752140362097131

2550 Hasart the Shooter (level 9, -19/74 HPs)
             Began as a Demigod Hunter on Feb 23, 2022.
             Hit by a large rock thrown by a cyclops (42 damage)
             ... on level 7 of the Dungeon.
             The game lasted 00:15:02 (9339 turns).

Hasart the Shooter (Demigod Hunter)                 Turns: 9339, Time: 00:15:03

Health: -19/74     AC:  5    Str: 13    XL:     9   Next: 9%
Magic:  11/11      EV: 20    Int: 13    God:
Gold:   296        SH:  0    Dex: 26    Spells: 8/8 levels left

rFire   . . .      SeeInvis .   a - +2 shortbow (freeze)
rCold   . . .      Faith    .   (shield currently unavailable)
rNeg    . . .      Spirit   .   b - +0 leather armour
rPois   +          Reflect  .   p - +1 helmet
rElec   .          Harm     .   (no cloak)
rCorr   .          Rampage  .   (no gloves)
Will    .....                   (no boots)
Stlth   +++.......              g - amulet of the acrobat
HPRegen 0.22/turn               x - +4 ring of evasion
MPRegen 0.12/turn               l - ring of poison resistance

@: no status effects
A: high MP 1, forlorn, divine attributes
a: no special abilities


You were on level 7 of the Dungeon.
You visited 2 branches of the dungeon, and saw 8 of its levels.
You also visited: Sewer.

You collected 296 gold pieces.

Inventory:

Hand Weapons
 a - a +2 shortbow of freezing (weapon)
Armour
 b - a +0 leather armour (worn)
 p - a +1 helmet (worn)
Jewellery
 g - an amulet of the acrobat (around neck)
 k - a ring of positive energy
 l - a ring of poison resistance (right hand)
 q - a +6 ring of strength
 x - a +4 ring of evasion (left hand)
 y - a +4 ring of evasion
 E - a ring of see invisible
Wands
 m - a wand of polymorph (6)
 t - a wand of iceblast (2)
 w - a wand of digging (8)
 A - a wand of mindburst (9)
 B - a wand of acid (8)
Scrolls
 c - 2 scrolls of teleportation
 e - 6 scrolls of identify
 i - 2 scrolls of brand weapon
 o - 5 scrolls of immolation
 r - a scroll of vulnerability
 s - 3 scrolls of enchant weapon
 v - a scroll of enchant armour
 C - 2 scrolls of amnesia
Potions
 d - 7 potions of curing {unknown}
 f - 4 potions of flight {unknown}
 h - 3 potions of heal wounds {unknown}
 j - a potion of might {unknown}
 n - a potion of haste {unknown}
 u - 2 potions of lignification {unknown}
 z - 2 potions of brilliance {unknown}
 D - a potion of resistance {unknown}


   Skills:
 + Level 5.1 Fighting
 * Level 7.9 Bows
 + Level 5.2 Dodging
 + Level 5.3 Stealth
 + Level 3.2 Evocations


You had 8 spell levels left.
You didn't know any spells.
Your spell library contained the following spells:

 Spells                   Type           Power      Damage    Failure   Level
 Blink                    Tloc           0%         N/A       52%         2
 Inner Flame              Hex/Fire       0%         N/A       75%         3
 Lesser Beckoning         Tloc           0%         N/A       75%         3
 Cause Fear               Hex            0%         N/A       98%         4
 Fulminant Prism          Conj/Hex       0%         3d6       98%         4
 Iskenderun's Mystic Bla  Conj/Tloc      0%         2d3       98%         4
 Lee's Rapid Deconstruct  Erth           0%         3d5*      100%        5
 Manifold Assault         Tloc           0%         N/A       100%        5
 Discord                  Hex            0%         N/A       100%        8


Dungeon Overview and Level Annotations

Branches:
Dungeon (7/15)             Temple (1/1) D:5           Sewer (visited)

Shops:
D:5 [(:

Annotations:
D:2 1 runed translucent door, Crazy Yiuf
D:5 exclusion: two-headed ogre


Innate Abilities, Weirdness & Mutations

You have an increased reservoir of magic. (+10% MP)
You shall have no god before yourself.
Your divine heritage dramatically boosts your attributes as you level up.


Message History

Your +2 shortbow of freezing is covered in frost.
There is a stone staircase leading down here.
You climb downwards.
There is a stone staircase leading up, spattered with blood here.
Found a chain mail.
Found a stone staircase leading up.
A cyclops comes into view.
A cyclops is nearby!
You shoot an arrow. The arrow hits the cyclops!
The arrow freezes the cyclops.
The cyclops shouts!
The cyclops is moderately wounded.
The cyclops throws a large rock.
The large rock hits you!
Unknown command.
You shoot an arrow. The arrow hits the cyclops.
The arrow freezes the cyclops.
The cyclops is moderately wounded.
Unknown command.
You shoot an arrow. The arrow hits the cyclops.
The arrow freezes the cyclops.
The cyclops is heavily wounded.
Unknown command.
You shoot an arrow. The arrow hits the cyclops.
The arrow freezes the cyclops.
The cyclops is severely wounded.
You shoot an arrow. The arrow hits the cyclops!
The arrow freezes the cyclops.
The cyclops is severely wounded.
The cyclops throws a large rock.
The large rock completely misses you.
You shoot an arrow.
The arrow hits the cyclops but does no damage.
The cyclops is severely wounded.
You shoot an arrow.
The arrow hits the cyclops but does no damage.
The cyclops is severely wounded.
The cyclops throws a large rock.
The large rock hits you!!!
You are too injured to fight recklessly!
Shoot: a) +2 shortbow (freeze)
Press: ? - help, Q - select action, (/) - cycle Shift-Dir - straight line, f/p - cyclops
Aim: a cyclops, quivering large rocks (severely wounded, 89% to hit)
You shoot an arrow.
The arrow hits the cyclops but does no damage.
The cyclops is severely wounded.
The cyclops throws a large rock.
The large rock hits you!!!
Ouch! That really hurt!
You die...

..... . #..... ..
...... ... ...... ...
##.... .C #... #
..###.###.#####..#.##
.......@.............#
..#######....###......
#.##....###...##
##.#####......^..
#.####..##........>...
...........######..#.#
#..[.......#...........
#..........#.#####...##
#............# ##..#


You could see a cyclops.

Vanquished Creatures
  A hornet (D:7)
  Menkaure (D:5)
  A water moccasin (D:7)
  A sky beast (D:5)
  2 black bears (D:6)
  2 ice beasts
  3 necrophages
  3 centaurs
  2 phantoms
  2 bullfrogs (Sewer)
  A scorpion (D:6)
  A water moccasin skeleton (D:5)
  A howler monkey (D:6)
  2 bullfrog zombies
  A hound (D:7)
  An orc priest (D:5)
  Terence (D:2)
  6 iguanas
  4 orc wizards
  Robin (D:2)
  7 adders
  11 gnolls
  A river rat (D:6)
  2 shadow imps (D:6)
  2 ufetubi
  2 adder skeletons
  4 dart slugs
  17 orcs
  12 ball pythons
  3 bats
  4 endoplasms
  8 giant cockroaches
  14 goblins
  7 hobgoblins
  4 jackals (D:1)
  9 quokkas
  8 frilled lizards
  10 kobolds
  9 rats
171 creatures vanquished.

Notes
Turn   | Place    | Note
-------+----------+-------------------------------------------
     0 | D:1      | Hasart the Demigod Hunter began the quest for the Orb.
     0 | D:1      | Reached XP level 1. HP: 17/17 MP: 3/3
    76 | D:1      | Reached skill level 1 in Stealth
   121 | D:1      | Reached XP level 2. HP: 24/24 MP: 4/4
   468 | D:1      | Reached skill level 4 in Bows
   534 | D:1      | Reached XP level 3. HP: 20/29 MP: 5/5
  1021 | D:2      | Found a runed translucent door.
  1022 | D:2      | Noticed Crazy Yiuf
  1098 | D:2      | Noticed Robin
  1720 | D:2      | Killed Robin
  1906 | D:2      | Noticed Terence
  1909 | D:2      | Noticed a necrophage
  1954 | D:2      | Killed a necrophage
  1955 | D:2      | Reached XP level 4. HP: 26/37 MP: 6/6
  1956 | D:2      | Killed Terence
  1957 | D:2      | Reached XP level 5. HP: 25/42 MP: 7/7
  3247 | D:3      | Reached skill level 5 in Bows
  4068 | D:4      | Reached XP level 6. HP: 45/51 MP: 8/8
  4605 | D:4      | Reached XP level 7. HP: 48/57 MP: 9/9
  4787 | D:5      | Entered Level 5 of the Dungeon
  4826 | D:5      | Found Wobbyan's Weapon Emporium.
  4895 | D:5      | Reached skill level 6 in Bows
  5096 | D:5      | Noticed Menkaure
  5111 | D:5      | Killed Menkaure
  5348 | D:5      | Reached skill level 1 in Evocations
  5351 | D:5      | Found a staircase to the Ecumenical Temple.
  5464 | D:5      | Noticed a two-headed ogre
  5549 | Temple   | Entered the Ecumenical Temple
  5969 | D:5      | Found Janekini's Armour Boutique.
  6168 | D:5      | Found Nin Qutale's Book Shoppe.
  6348 | D:6      | Reached XP level 8. HP: 66/66 MP: 10/10
  6679 | D:6      | Reached skill level 7 in Bows
  6684 | D:6      | Found a glowing drain.
  6701 | Sewer    | Entered a sewer
  7865 | Sewer    | Identified the +5 spear "Cuavvip" {venom, SInv}
  8452 | D:6      | Reached skill level 5 in Stealth
  8636 | D:7      | Reached skill level 5 in Dodging
  8801 | D:7      | Reached skill level 5 in Fighting
  9172 | D:7      | Noticed a hornet
  9176 | D:7      | Killed a hornet
  9177 | D:7      | Reached XP level 9. HP: 74/74 MP: 11/11
  9331 | D:7      | Noticed a cyclops
  9339 | D:7      | Hit by a large rock thrown by a cyclops

Illustrated notes

Levels and vault maps discovered:
D:1:      dpeg_arrival_castle, layout_loops_ring, minmay_misc_feat_square,
          serial_park_tiny_pond, hangedman_decor_points
D:2:      layout_basic, basic_altar, uniq_terence, uniq_crazy_yiuf_cottage,
          uniq_robin
D:3:      layout_basic, shapermc_ecumenical_altar_mp_vishouse
D:4:      layout_loops_cross
D:5:      layout_basic, minmay_temple_entry_arrows, serial_shops,
          shop_fountains, nicolae_lakefront_shop, shop, uniq_menkaure
D:6:      layout_loops_ring, portal_sewer_entry_b, nicolae_figureground_pulse
D:7:      layout_rooms, serial_shops,
          nicolae_shop_temple_entry_statues_fountains
Temple:   regret_index_temple_waves

Skill      XL: |  1  2  3  4  5  6  7  8 |
---------------+-------------------------+-----
Stealth        | 1 2 3 4 5 |  5.3
Fighting       | 2 3 4 5 |  5.1
Dodging        | 2 3 4 5 |  5.2
Bows           | 4 5 6 7 |  7.9
Evocations     | 1 3 |  3.2

Action                   |  1- 3 |  4- 6 |  7- 9 || total
-------------------------+-------+-------+-------++-------
 Fire: Shortbow          |   124 |   145 |   366 ||   635
Evoke: Wand              |       |       |     1 ||     1
  Use: Scroll            |       |       |     9 ||     9
Armor: Leather armour    |    23 |    14 |    22 ||    59
Dodge: Dodged            |    55 |    52 |   184 ||   291

Table legend: (Time is in decaauts)
 A = Elapsed time spent in this place.
 B = Non-inter-level travel time spent in this place.
 C = Inter-level travel time spent in this place.
 D = Time resting spent in this place.
 E = Time spent auto-exploring this place.
 F = Levels seen in this place.
 G = Mean time per level.
                   A        B        C        D        E       F      G
               +--------+--------+--------+--------+--------+-----+--------+
         Total |   9604 |   9355 |    249 |   1315 |   6428 |   9 | 1067.1 |
       Dungeon |   8095 |   7846 |    249 |    725 |   5813 |   7 | 1156.4 |
        Temple |    210 |    210 |      0 |    206 |      0 |   1 |  210.0 |
         Sewer |   1298 |   1298 |      0 |    384 |    615 |   1 | 1298.0 |
               +--------+--------+--------+--------+--------+-----+--------+

Top non-repeatable levels by time:
     D:1: 1523 daAuts
     D:5: 1337 daAuts
   Sewer: 1298 daAuts
     D:6: 1200 daAuts
     D:2: 1182 daAuts
     D:3: 1142 daAuts
     D:4: 1026 daAuts
     D:7: 681 daAuts
  Temple: 210 daAuts
